 Dungeon Crawl Stone Soup version 0.29.1-1-gd02db6906a (webtiles) character file.

Game seed: 7804505850616218997

67 fireball365 the Trooper (level 3, 0/27 (33) HPs)
             Began as a Minotaur Fighter on Oct 10, 2022.
             Was a Follower of Trog.
             Constricted to death by a ball python (1 damage)
             ... on level 2 of the Dungeon.
             The game lasted 00:04:25 (1539 turns).

fireball365 the Trooper (Minotaur Fighter)          Turns: 1539, Time: 00:04:26

HP:   0/27 (33)     AC:  7    Str: 20    XL:     3   Next: 98%
MP:   2/2           EV:  6    Int:  7    God:    Trog [*.....]
Gold: 74            SH:  4    Dex:  9    Spells: 2/2 levels left

rFire   . . .      SeeInvis .   a - +0 flail
rCold   . . .      Faith    .   c - +0 buckler
rNeg    . . .      Spirit   .   b - +0 scale mail
rPois   .          Reflect  .   (helmet restricted)
rElec   .          Harm     .   (no cloak)
rCorr   .          Rampage  .   (no gloves)
Will    .....                   (no boots)
Stlth   ..........              (no amulet)
HPRegen 0.09/turn               (no ring)
MPRegen 0.08/turn               (no ring)

@: constricted, heavily drained
A: horns 2, retaliatory headbutt
a: Renounce Religion, Berserk


You were on level 2 of the Dungeon.
You worshipped Trog.
Trog was aware of your devotion.
You visited 1 branch of the dungeon, and saw 2 of its levels.

You collected 74 gold pieces.

Inventory:

Hand Weapons
 a - a +0 flail (weapon)
 f - a +0 halberd
 h - a +3 dagger
 k - a +0 dagger of draining
Missiles
 m - 5 poisoned darts (quivered)
 o - 4 stones
Armour
 b - a +0 scale mail (worn)
 c - a +0 buckler (worn)
Wands
 n - a wand of acid (6)
Scrolls
 g - 2 scrolls of identify {unknown}
 i - a scroll of enchant weapon {unknown}
 j - a scroll of blinking {unknown}
 l - a scroll of noise {unknown}
Potions
 d - 4 potions of might
 e - a potion of heal wounds {unknown}


   Skills:
 + Level 4.2 Fighting
 + Level 3.3 Maces & Flails
 + Level 4.2 Armour
 + Level 0.8 Dodging
 + Level 0.1 Stealth
 + Level 4.2 Shields


You had 2 spell levels left.
You didn't know any spells.
Your spell library contained the following spells:

 Spells                   Type           Power      Damage    Failure   Level
 Lesser Beckoning         Tloc           0%         N/A       99%         3
 Portal Projectile        Hex/Tloc       0%         N/A       99%         3
 Fireball                 Conj/Fire      0%         3d3       100%        5
 Manifold Assault         Tloc           0%         N/A       100%        5


Dungeon Overview and Level Annotations

Branches:
Dungeon (2/15)

Altars:
Trog

Annotations:
D:2 Terence


Innate Abilities, Weirdness & Mutations

You have a pair of horns on your head.
You reflexively headbutt those who attack you in melee.


Message History

Terence attacks as you move away! Terence hits you but does no damage.
You feel drained.
The goblin shouts!
Terence asks, "Do you want it fast or slow?"
You block Terence's attack. The goblin barely misses you.
A ball python comes into view.
The ball python hisses angrily.
You hit the goblin but do no damage. Your headbutt misses the goblin.
You hear a shout!
Terence hits you with a +4 hand axe of draining!
You feel drained.
A hobgoblin comes into view.
The goblin closely misses you. Terence hits you but does no damage.
You feel drained.
The goblin hits you with a staff of earth.
You closely miss Terence. The goblin hits you but does no damage.
Terence screams, "I'm going to kill you!"
Terence hits you with a +4 hand axe of draining.
You feel drained.
You sock Terence!
Terence is moderately wounded.
The ball python closely misses you. You block the ball python's attack.
The goblin hits you but does no damage.
Terence hits you with a +4 hand axe of draining.
* * * LOW HITPOINT WARNING * * *
You feel drained.
* * * LOW HITPOINT WARNING * * *
Aiming: Corrosive Bolt
Press: ? - help, Q - select action, (/) - cycle Shift-Dir - straight line, f - Terence
Aim: Terence, wielding a +4 hand axe of draining and wearing a +0 chain mail (moderately wounded, 79% to hit)
The bolt of acid misses Terence.
The ball python bites you but does no damage.
The ball python barely misses you.
The goblin hits you with a staff of earth.
* * * LOW HITPOINT WARNING * * *
Terence completely misses you. You furiously retaliate!
You headbutt Terence.
The ball python bites you but does no damage.
The ball python grabs you. The ball python constricts you.
You die...

###########
#.......... ####
#.######### ..# #.# #
#.# #.# #
#.#######.####.##### #
#............†.....# #
#.....g@@........#.# #
......$S.......#.# #
#.##.#.....#...#.#.###
# #
#.#g..#...........#
....................
.....................
#...(.................
......................
#.###.#


You could see Terence, a hobgoblin, a goblin and a ball python.

Vanquished Creatures
  2 adders (D:2)
  2 worms (D:2)
  A dart slug (D:1)
  4 ball pythons (D:1)
  5 endoplasms (D:1)
  3 giant cockroaches
  2 hobgoblins (D:1)
  3 jackals (D:1)
  2 kobolds (D:1)
  8 bats
  A frilled lizard (D:1)
  3 goblins (D:1)
  2 rats
38 creatures vanquished.

Vanquished Creatures (others)
  23 withered plants (D:1)
23 creatures vanquished.

Grand Total: 61 creatures vanquished

Notes
Turn   | Place    | Note
-------+----------+-------------------------------------------
     0 | D:1      | fireball365 the Minotaur Fighter began the quest for the
                  | Orb.
     0 | D:1      | Reached XP level 1. HP: 19/19 MP: 0/0
   135 | D:1      | Reached XP level 2. HP: 9/27 MP: 1/1
   397 | D:1      | Found a faded altar of an unknown god.
   429 | D:1      | Prayed at the altar of an unknown god.
   429 | D:1      | Became a worshipper of Trog the Wrathful
   429 | D:1      | Reached * piety under Trog
   658 | D:1      | Reached XP level 3. HP: 20/33 MP: 2/2
  1524 | D:2      | Got the Reference Book on Blazing Displacement
  1531 | D:2      | Noticed Terence
  1539 | D:2      | HP: 1/27 [goblin/staff of earth (3)]
  1539 | D:2      | Constricted to death by a ball python

Illustrated notes

Levels and vault maps discovered:
D:1:      lemuel_arrival_hallway, layout_rooms,
          shapermc_ecumenical_altar_flowoftime, minmay_distorted
D:2:      layout_basic, uniq_terence, uniq_natasha, uniq_jessica

Skill      XL: |  1  2  3 |
---------------+----------+-----
Shields        | 4 |  4.2
Fighting       | 4 |  4.2
Armour         | 4 |  4.2
Maces & Flails | 3 |  3.3
Dodging        | |  0.8
Stealth        | |  0.1

Action                   || total
-------------------------++-------
Melee: Flail             ||   153
       Headbutt          ||    34
Evoke: Wand              ||     1
  Use: Scroll            ||     1
Armor: Scale mail        ||    85
Dodge: Dodged            ||    72
Block: Buckler           ||    33
